 Dungeon Crawl Stone Soup version 0.27-a0-417-g317cea8a3c (webtiles) character file.

Game seed: 15788404236267459176

1614 HilariousDeathArtist the Destroyer (level 8, -1/43 HPs)
             Began as a Tengu Conjurer on Feb 25, 2021.
             Shot with an arrow by a centaur (14 damage)
             ... on level 6 of the Dungeon.
             The game lasted 00:13:23 (10383 turns).

HilariousDeathArtist the Destroyer (TeCj)          Turns: 10383, Time: 00:13:24

Health: -1/43      AC:  6    Str:  9    XL:     8   Next: 95%
Magic:  23/27      EV: 15    Int: 20    God:
Gold:   225        SH:  0    Dex: 12    Spells: 14/19 levels left

rFire    + . .     SeeInvis .   i - +1 falchion of Kicwotz {vorpal, rF+}
rCold    . . .     Faith    .   (no shield)
rNeg     . . .     Spirit   .   A - +0 steam dragon scales
rPois    .         Reflect  .   (helmet restricted)
rElec    .         Harm     .   f - +0 cloak
rCorr    .         Rampage  .   (no gloves)
Will     .....                  (boots unavailable)
Stlth    ++........             (no amulet)
HPRegen  0.14/turn              u - ring of magical power {MP+9}
MPRegen  0.20/turn              (no ring)

@: flying quickly and evasively, quick
A: beak, talons 3, able to fly
a: Stop Flying


You were on level 6 of the Dungeon.
You visited 2 branches of the dungeon, and saw 8 of its levels.
You also visited: Sewer.

You collected 225 gold pieces.

Inventory:

Hand Weapons
 i - the +1 falchion of Kicwotz (weapon) {vorpal, rF+}
   (You found it on level 5 of the Dungeon)

   It inflicts extra damage upon your enemies.
   It protects you from fire.
 s - a +3 vorpal flail
   (You took it off Blork the orc on level 6 of the Dungeon)
 z - a +1 broad axe
   (You found it on level 3 of the Dungeon)
 G - a +0 trident
   (You took it off an orc on level 3 of the Dungeon)
Armour
 f - a +0 cloak (worn)
   (You found it on level 5 of the Dungeon)
 x - a +0 buckler
   (You found it on level 2 of the Dungeon)
 A - +0 steam dragon scales (worn)
   (You found it on level 6 of the Dungeon)
Magical Staves
 n - a staff of air {rElec}
   (You found it on level 7 of the Dungeon)
 w - a staff of fire {rF+}
   (You found it on level 7 of the Dungeon)
Jewellery
 e - a ring of flight {+Fly, !d}
   (You found it on level 3 of the Dungeon)
 u - a ring of magical power (left hand) {MP+9}
   (You found it on level 6 of the Dungeon)
Wands
 c - a wand of random effects (6)
   (You found it on level 6 of the Dungeon)
 t - a wand of acid (8)
   (You found it on level 6 of the Dungeon)
Scrolls
 d - 2 scrolls of amnesia
 g - a scroll of enchant armour
 k - 2 scrolls of magic mapping {!r}
 p - 5 scrolls of fog
 q - a scroll of fear
 y - 2 scrolls of teleportation
Potions
 b - 3 potions of curing
 h - a potion of magic
 j - a potion of cancellation {unknown}
 l - a potion of attraction {unknown}
 m - 4 potions of might
 o - a potion of degeneration {!q}
 r - 3 potions of flight
 v - a potion of haste {unknown}
 C - a potion of brilliance


   Skills:
 + Level 1.5 Fighting
 + Level 3.2 Dodging
 - Level 2.0 Stealth
 - Level 6.0 Spellcasting
 + Level 11.5 Conjurations
 + Level 2.0 Translocations


You had 14 spell levels left.
You knew the following spells:

 Your Spells              Type           Power        Failure   Level
a - Magic Dart            Conj           100%         1%          1
x - Iskenderun's Mystic   Conj/Tloc      33%          6%          4

Your spell library contained the following spells:

 Spells                   Type           Power        Failure   Level
 Searing Ray              Conj           100%         1%          2
 Dazzling Flash           Conj/Hex       58%          3%          3
 Fulminant Prism          Conj/Hex       14%          10%         4


Dungeon Overview and Level Annotations

Branches:
Dungeon (7/15)             Temple (1/1) D:6           Sewer (visited)

Altars:
Ashenzari
Cheibriados
Elyvilon
Fedhas
Gozag
Hepliaklqana
Kikubaaqudgha
Nemelex Xobeh
Okawaru
Qazlal
Ru
Sif Muna
Trog
Wu Jian
Yredelemnul
Zin
The Shining One

Annotations:
D:6 3 runed translucent doors, Xavori's ghost, novice OpCK


Innate Abilities, Weirdness & Mutations

You have a beak for a mouth.
You have claws for feet.
You can fly continuously.


Message History

An adder comes into view.
(D) Dungeon (T) Temple
Where to? (Enter - D:7, ? - help)
An adder is nearby!
Unknown command.
There is a stone staircase leading up here.
There is a stone staircase leading up here.
You fly upwards.
Level annotation: 3 runed translucent doors, Xavori's ghost, novice OpCK
There is a stone staircase leading down here.
A steam dragon is nearby!
A steam dragon is nearby!
The magic dart hits the steam dragon but does no damage.
The steam dragon hisses angrily.
The steam dragon breathes steam at you. The ball of steam misses you.
You now have 26/27 mp.
MP restored: 27 The magic dart hits the steam dragon.
You now have 26/27 mp.
The magic dart hits the steam dragon.
You now have 25/27 mp.
The magic dart hits the steam dragon.
You now have 24/27 mp.
You completely miss the steam dragon. The steam dragon closely misses you.
The steam dragon misses you.
Aim: a steam dragon (moderately wounded, 0% to evade)
The magic dart hits the steam dragon.
The steam dragon breathes steam at you. The ball of steam misses you.
Aim: a steam dragon (moderately wounded, catching its breath, 0% to evade)
The magic dart hits the steam dragon.
The steam dragon bites you! The steam dragon claws you.
You take 10 damage, and have 33/43 hp.
MASSIVE DAMAGE!!
You now have 23/27 mp.
Aim: a steam dragon (steam, moderately wounded, catching its breath, 0% to evade)
The magic dart hits the steam dragon.
The steam dragon bites you! The steam dragon barely misses you.
You take 8 damage, and have 25/43 hp.
You now have 22/27 mp.
Aim: a steam dragon (steam, heavily wounded, catching its breath, 0% to evade)
The magic dart hits the steam dragon but does no damage.
The steam dragon barely misses you. x2
You now have 21/27 mp.
Aim: a steam dragon (heavily wounded, catching its breath, 0% to evade)
The magic dart hits the steam dragon.
The steam dragon breathes steam at you. The ball of steam hits you! You resist.
You take 8 damage, and have 17/43 hp.
You now have 20/27 mp.
Aim: a steam dragon (steam, severely wounded, catching its breath, 0% to evade)
The magic dart hits the steam dragon.
The steam dragon bites you!
* * * LOW HITPOINT WARNING * * *
The steam dragon barely misses you.
You take 8 damage, and have 9/43 hp.
The spell is quite dangerous to cast (7% risk of failure)!
Continue anyway?
You erupt in a blast of force!
The mystic blast hits the steam dragon!
You kill the steam dragon!
The steam dragon scales are intact enough to wear.
Your Dodging skill increases to level 3!
Your Translocations skill increases to level 2!
You now have 16/27 mp.
Things that are here:
+0 steam dragon scales; a steam dragon corpse A - +0 steam dragon scales You start removing your armour.
You continue taking off your +1 robe. x4
You finish taking off your +1 robe.
You start putting on your armour.
You continue putting on your +0 steam dragon scales. x5
You finish putting on your +0 steam dragon scales.
You regained 2 mp, and now have 18/27 mp.
Drop what? 29/52 slots (_ for help) (? for menu, Esc to quit)
You drop a +1 robe.
You start resting.
A centaur is nearby!
A centaur is nearby!
A centaur is nearby!
You regained 28 hp, and now have 39/43 hp.
MP restored: 27 The magic dart hits the centaur.
The centaur wields a +0 shortbow.
The centaur shoots an arrow.
The arrow closely misses you.
You now have 26/27 mp.
The magic dart hits the centaur.
The centaur shoots an arrow.
The arrow barely misses you.
The centaur shoots an arrow.
The arrow hits you!
You are too injured to fight recklessly!
You take 14 damage, and have 25/43 hp.
MASSIVE DAMAGE!!
You now have 25/27 mp.
Aim: a centaur, wielding a +0 shortbow and quivering arrows (heavily wounded, 0% to evade)
The magic dart hits the centaur.
The centaur shoots an arrow.
The arrow hits you!
You take 7 damage, and have 18/43 hp.
You now have 24/27 mp.
Aim: a centaur, wielding a +0 shortbow and quivering arrows (severely wounded, 0% to evade)
The magic dart hits the centaur.
The centaur shoots an arrow.
The arrow barely misses you.
The centaur shoots an arrow.
The arrow hits you.
* * * LOW HITPOINT WARNING * * *
You take 6 damage, and have 12/43 hp.
You now have 23/27 mp.
Aim: a centaur, wielding a +0 shortbow and quivering arrows (almost dead, 0% to evade)
The magic dart hits the centaur but does no damage.
The centaur shoots an arrow.
The arrow hits you!
You die...

..#...#...>..........#≈.^#..##...
..#...#......c.......#..≈#......[
..############.......#..≈#.......
..# #......'......##...#.......
..#####......#......#≈≈..#.......
..#.....####.#.....##≈..≈#.......
###.###.#..#.#.....#D≈≈..##.##...
#.##..[..#.#.....#..P...#.##...
#.##..#..#.#..@..#§.≈.P.#..#...
#.##..######....##§.....##.#...
#.###.# #.............<.#...
#.###.# #.........#.....#...
#.##..# #.........'.....#...
#.##.## #.........#.....#...
#.#..# #.........####### #.#.##
########### #.#.#


You could see a centaur.

Vanquished Creatures
  2 steam dragons (D:6)
  A water moccasin (D:6)
  An orc warrior (D:5)
  A centaur (D:5)
  Blork the orc (D:6)
  2 bullfrogs (Sewer)
  2 scorpions
  5 hounds
  An orc priest (D:3)
  An orc wizard (D:4)
  3 worker ants
  A worker ant zombie (D:5)
  10 gnolls
  19 adders
  9 river rats
  2 worms
  3 dart slugs
  5 leopard geckos
  6 orcs
  13 ball pythons
  8 giant cockroaches
  6 goblins
  8 hobgoblins
  12 jackals
  3 quokkas
  8 bats
  9 frilled lizards
  A jackal skeleton (D:4)
  9 kobolds
  A quokka skeleton (D:4)
  27 rats
180 creatures vanquished.

Vanquished Creatures (others)
  6 fungi (D:6)
6 creatures vanquished.

Grand Total: 186 creatures vanquished

Notes
Turn   | Place    | Note
-------+----------+-------------------------------------------
     0 | D:1      | HilariousDeathArtist the Tengu Conjurer began the quest for
                  | the Orb.
     0 | D:1      | Reached XP level 1. HP: 10/10 MP: 4/4
   290 | D:1      | Reached XP level 2. HP: 15/15 MP: 3/6
   323 | D:1      | Reached skill level 6 in Conjurations
   633 | D:1      | Reached XP level 3. HP: 17/19 MP: 4/7
  1200 | D:2      | Reached skill level 7 in Conjurations
  1390 | D:2      | Reached XP level 4. HP: 24/24 MP: 5/8
  2597 | D:3      | Reached skill level 8 in Conjurations
  2679 | D:3      | Gained mutation: You can fly continuously. [Tengu growth]
  2679 | D:3      | Reached XP level 5. HP: 28/28 MP: 5/9
  2766 | D:3      | Found an iron altar of Okawaru.
  3378 | D:4      | HP: 3/28 [gnoll/+0 halberd (13)]
  3729 | D:4      | Reached skill level 3 in Spellcasting
  3729 | D:4      | Reached XP level 6. HP: 32/32 MP: 4/11
  3968 | D:3      | HP: 7/32 [gnoll/+0 club (8)]
  3970 | D:3      | Reached skill level 9 in Conjurations
  4428 | D:4      | Found a broken altar of Ashenzari.
  4959 | D:4      | Reached XP level 7. HP: 22/36 MP: 9/13
  5094 | D:4      | Reached skill level 4 in Spellcasting
  5760 | D:5      | Entered Level 5 of the Dungeon
  5849 | D:5      | Identified a shimmering falchion
  5922 | D:5      | HP: 4/36 [centaur (8)]
  5926 | D:5      | Reached skill level 10 in Conjurations
  6214 | D:5      | Found a glowing drain.
  6235 | D:5      | HP: 5/36 [river rat (7)]
  6244 | D:5      | HP: 9/36 [river rat (7)]
  6385 | Sewer    | Entered a sewer
  7080 | Sewer    | Reached skill level 5 in Spellcasting
  7232 | Sewer    | Reached XP level 8. HP: 41/41 MP: 12/16
  7256 | Sewer    | HP: 8/41 [bullfrog (5)]
  7261 | Sewer    | HP: 9/41 [adder (1)]
  7266 | Sewer    | HP: 5/41 [ball python (1)]
  7647 | D:5      | Found a glowing golden altar of the Shining One.
  7803 | D:5      | Found a stormy altar of Qazlal.
  7895 | D:6      | Reached skill level 11 in Conjurations
  8045 | D:6      | Learned a level 4 spell: Iskenderun's Mystic Blast
  8139 | D:6      | Noticed Xavori's ghost (novice OpCK)
  8157 | D:6      | HP: 2/41 [gnoll/+0 scythe (13)]
  8535 | D:6      | Noticed Blork the orc
  8550 | D:6      | Killed Blork the orc
  8925 | D:6      | Found a runed translucent gate.
  8925 | D:6      | Found a runed translucent gate.
  8925 | D:6      | Found a runed translucent gate.
  9080 | D:6      | Found an ornate altar of the Wu Jian Council.
  9132 | D:6      | Found a staircase to the Ecumenical Temple.
  9306 | D:4      | Reached skill level 1 in Translocations
  9546 | D:5      | Reached skill level 6 in Spellcasting
  9721 | D:6      | Reached skill level 1 in Fighting
  9942 | Temple   | Entered the Ecumenical Temple
 10166 | D:6      | HP: 9/43 [steam dragon (8)]
 10168 | D:6      | Reached skill level 3 in Dodging
 10168 | D:6      | Reached skill level 2 in Translocations
 10383 | D:6      | Shot with an arrow by a centaur

Illustrated notes

Levels and vault maps discovered:
D:1:      amcnicky_arrival_underground_garden, layout_basic, st_stairs_8
D:2:      layout_loops_cross
D:3:      layout_loops_ring, okawaru_gym_becter
D:4:      minmay_door_path, layout_basic, ashenzari_conservatory_becter
D:5:      layout_rooms, tso_metal_star, general_overflow_altar,
          portal_sewer_entry_b
D:6:      kennysheep_steamy, layout_gridville, kennysheep_mini_moat,
          minmay_temple_entry_from_below_a, gammafunk_ghost_icy, sigmund_army,
          uniq_blork_the_orc
D:7:      layout_basic, gammafunk_temple_overflow_elements,
          gammafunk_ghost_berserking_beasts, serial_shops,
          nicolae_shop_window_shopping, abandoned_shop
Temple:   minmay_temple_bridge_abc

Skill      XL: |  1  2  3  4  5  6  7  8 |
---------------+-------------------------+-----
Conjurations   | 6 7 8 9 10 11 | 11.5
Spellcasting   | 3 5 6 |  6.0
Translocations | 2 |  2.0
Fighting       | 1 |  1.5
Dodging        | 3 |  3.2
Stealth        | |  2.0

Action                   |  1- 3 |  4- 6 |  7- 9 || total
-------------------------+-------+-------+-------++-------
Melee: Unarmed           |    12 |    43 |       ||    55
       Peck              |     1 |    12 |    12 ||    25
       Kick              |     3 |    12 |    21 ||    36
       Broad axe         |       |    19 |     9 ||    28
       Falchion          |       |       |    74 ||    74
 Cast: Magic Dart        |    59 |   164 |   204 ||   427
       Iskenderun's Myst |       |       |     2 ||     2
 Abil: Fly               |       |     1 |       ||     1
Evoke: Wand              |       |       |     9 ||     9
  Use: Scroll            |       |       |    13 ||    13
       Potion            |       |       |    11 ||    11
 Stab: Paralysed         |       |       |     7 ||     7
Armor: Robe              |     4 |    15 |    18 ||    37
Dodge: Dodged            |     6 |    89 |   154 ||   249
       Rpst.: Falchion   |       |       |    44 ||    44

Table legend: (Time is in decaauts)
 A = Elapsed time spent in this place.
 B = Non-inter-level travel time spent in this place.
 C = Inter-level travel time spent in this place.
 D = Time resting spent in this place.
 E = Time spent auto-exploring this place.
 F = Levels seen in this place.
 G = Mean time per level.
                   A        B        C        D        E       F      G
               +--------+--------+--------+--------+--------+-----+--------+
         Total |  10108 |   9811 |    297 |   3929 |   4338 |   9 | 1123.1 |
       Dungeon |   8785 |   8501 |    284 |   3338 |   3790 |   7 | 1255.0 |
        Temple |    135 |    122 |     13 |      0 |    120 |   1 |  135.0 |
         Sewer |   1187 |   1187 |      0 |    591 |    428 |   1 | 1187.0 |
               +--------+--------+--------+--------+--------+-----+--------+

Top non-repeatable levels by time:
     D:4: 2090 daAuts
     D:3: 1667 daAuts
     D:5: 1416 daAuts
     D:6: 1356 daAuts
   Sewer: 1187 daAuts
     D:2: 1091 daAuts
     D:1: 1061 daAuts
  Temple: 135 daAuts
     D:7: 101 daAuts

Table legend:
 A = Kills in this place as a percentage of kills in entire the game.
 B = Kills by you in this place as a percentage of kills by you in the entire game.
 C = Kills by friends in this place as a percentage of kills by friends in the entire game.
 D = Other kills in this place as a percentage of other kills in the entire game.
 E = Experience gained in this place as a percentage of experience gained in the entire game.
 F = Experience gained in this place divided by the number of levels of this place that you have seen.
                   A       B       C       D       E      F
               +-------+-------+-------+-------+-------+----------------------
         Total | 100.0 | 100.0 |   N/A |   N/A | 100.0 | 256.2
       Dungeon |  73.3 |  73.3 |   N/A |   N/A |  82.0 | 270.1
         Sewer |  26.7 |  26.7 |   N/A |   N/A |  18.0 | 415.0
               +-------+-------+-------+-------+-------+----------------------
